 Dungeon Sprint DCSS version 0.29.1-2-gbd0b4ee654 (webtiles) character file.

Game seed: 11158557099893812048

580 boopmooplesden the Cleaver (level 7, -1/111 HPs)
             Began as a Minotaur Berserker on Nov 30, 2022.
             Was a Priest of Trog.
             Slain by a sixfirhy (11 damage)
             ... summoned by a kobold demonologist
             ... in the Dungeon (Sprint I: "Red Sonja").
             The game lasted 00:00:45 (779 turns).

boopmooplesden the Cleaver (Minotaur Berserker)      Turns: 779, Time: 00:00:45

Health: -1/111     AC:  7    Str: 24    XL:     7   Next: 13%
Magic:  6/6        EV: 12    Int:  4    God:    Trog [***...]
Gold:   280        SH:  0    Dex:  9    Spells: 6/6 levels left

rFire   . . .      SeeInvis .   a - +0 hand axe
rCold   . . .      Faith    .   (no shield)
rNeg    . . .      Spirit   .   j - +1 ring mail {Will+}
rPois   .          Reflect  .   (helmet restricted)
rElec   .          Harm     .   (no cloak)
rCorr   .          Rampage  .   (no gloves)
Will    +....      NoTele   +   (no boots)
Stlth   ..........              (no amulet)
HPRegen 0.28/turn               (no ring)
MPRegen 0.10/turn               (no ring)

@: berserking (expiring), very quick
A: horns 2, retaliatory headbutt
a: Renounce Religion, Berserk, Trog's Hand


You were in the Dungeon.
You worshipped Trog.
Trog was most pleased with you.
You visited 1 branch You collected 280 gold pieces.

Inventory:

Hand Weapons
 a - a +0 hand axe (weapon)
Armour
 b - a +0 animal skin
 j - a +1 ring mail of willpower (worn)
Wands
 i - a wand of flame (19)
Scrolls
 h - a scroll of blinking
Potions
 c - a potion of curing
 d - a potion of heal wounds
 e - a potion of haste
 f - 3 potions of magic
 g - a potion of berserk rage


   Skills:
 + Level 11.3 Fighting
 + Level 12.0 Axes
 + Level 7.4 Armour
 + Level 6.3 Dodging


You had 6 spell levels left.
You didn't know any spells.
Your spell library was empty.

Dungeon Overview and Level Annotations

Branches:
Dungeon (1/1)

Altars:
Makhleb
Sif Muna
Vehumet
Wu Jian
Xom
Jiyva
Lugonu


Innate Abilities, Weirdness & Mutations

You have a pair of horns on your head.
You reflexively headbutt those who attack you in melee.


Message History

You closely miss the hellwing.
You hit the kobold demonologist but do no damage.
You barely miss the ufetubus.
The white imp disappears in a puff of smoke!
You barely miss the kobold demonologist.
Your headbutt misses the kobold demonologist.
The kobold demonologist is severely wounded.
You hit the ufetubus. You barely miss the hellwing.
You hit the kobold demonologist.
The white imp disappears in a puff of smoke!
The hellwing closely misses you. You furiously retaliate!
You headbutt the hellwing, but do no damage.
The hellwing hits you. The smoke demon gestures at you. Something smites you!
You barely miss the kobold demonologist.
The kobold demonologist is severely wounded.
You slash the sixfirhy! You closely miss the hellwing.
You hit the kobold demonologist. The sixfirhy hits you.
The sixfirhy shocks you! The sixfirhy barely misses you.
The kobold demonologist closely misses you.
The kobold demonologist barely misses you.
You miss the kobold demonologist.
The kobold demonologist is severely wounded.
You closely miss the hellwing. You slash the kobold demonologist!
You closely miss the sixfirhy. The sixfirhy hits you. The sixfirhy shocks you!
* * * LOW HITPOINT WARNING * * *
The sixfirhy hits you.
* * * LOW HITPOINT WARNING * * *
The sixfirhy shocks you!
* * * LOW HITPOINT WARNING * * *
The hellwing hits you but does no damage.
The hellwing hits you.
* * * LOW HITPOINT WARNING * * *
You hit the kobold demonologist.
The kobold demonologist is severely wounded.
You hit the hellwing but do no damage.
You barely miss the kobold demonologist.
You slash the sixfirhy! The sixfirhy hits you!
You die...

####################
').#.)'..#__#..4@35#
#..'..#..'..'..#KK5#
##'#####'#__####35.+
#..# #[#### #####
#### #.# #_.+ ..._#
#_.#+# ##+


You could see a hellwing (summoned), 2 kobold demonologists, a sixfirhy
(summoned), a smoke demon (summoned), a quasit (summoned), a white imp
(summoned) and an ufetubus (summoned).

Vanquished Creatures
  A slime creature (D)
  Sigmund (D)
  A floating eye (D)
  An ogre (D)
  A jelly (D)
  Ijyb (D)
6 creatures vanquished.

Notes
Turn   | Place    | Note
-------+----------+-------------------------------------------
     0 | D        | boopmooplesden the Minotaur Berserker began the quest for
                  | the Orb.
     0 | D        | Reached XP level 1. HP: 19/19 MP: 0/0
     1 | D        | Noticed Ijyb
     8 | D        | Killed Ijyb
     9 | D        | Reached skill level 5 in Fighting
     9 | D        | Reached skill level 5 in Axes
     9 | D        | Reached XP level 2. HP: 24/29 MP: 1/1
   327 | D        | Noticed an ogre
   331 | D        | Killed an ogre
   332 | D        | Reached skill level 7 in Axes
   332 | D        | Reached XP level 3. HP: 39/39 MP: 2/2
   332 | D        | Reached XP level 4. HP: 47/47 MP: 3/3
   389 | D        | Noticed Sigmund
   399 | D        | Killed Sigmund
   399 | D        | Reached ** piety under Trog
   400 | D        | Reached skill level 10 in Axes
   400 | D        | Reached skill level 5 in Armour
   400 | D        | Reached skill level 5 in Dodging
   400 | D        | Reached XP level 5. HP: 40/58 MP: 4/4
   400 | D        | Reached XP level 6. HP: 46/66 MP: 5/5
   413 | D        | Found an ornate altar of the Wu Jian Council.
   413 | D        | Found a shimmering blue altar of Sif Muna.
   415 | D        | Found a radiant altar of Vehumet.
   637 | D        | Found a burning altar of Makhleb.
   637 | D        | Found a viscous altar of Jiyva.
   637 | D        | Found a shimmering altar of Xom.
   637 | D        | Found a corrupted altar of Lugonu.
   637 | D        | Noticed a slime creature
   645 | D        | Killed a slime creature
   646 | D        | Reached skill level 10 in Fighting
   646 | D        | Reached skill level 11 in Axes
   764 | D        | Noticed a kobold demonologist
   764 | D        | Noticed a floating eye
   765 | D        | Noticed a kobold demonologist
   767 | D        | Paralysed by a floating eye for 4 turns
   768 | D        | Noticed a hellwing
   769 | D        | Noticed a smoke demon
   772 | D        | Killed a floating eye
   772 | D        | Reached *** piety under Trog
   773 | D        | Reached skill level 12 in Axes
   773 | D        | Reached XP level 7. HP: 74/74 MP: 6/6
   775 | D        | Noticed a sixfirhy
   779 | D        | Slain by a sixfirhy

Illustrated notes

Levels and vault maps discovered:
D:        dungeon_sprint_1 [red_sonja_temple_1, red_sonja_temple_small_1]

Skill      XL: |  1  2  3  4  5  6 |
---------------+-------------------+-----
Fighting       | 5 7 9 11 | 11.3
Axes           | 5 7 10 12 | 12.0
Armour         | 3 4 5 7 |  7.4
Dodging        | 3 4 5 6 |  6.3

Action                   |  1- 3 |  4- 6 |  7- 9 || total
-------------------------+-------+-------+-------++-------
Melee: Hand axe          |     8 |    23 |     7 ||    38
       Headbutt          |     2 |     8 |     1 ||    11
Invok: Berserk           |     2 |     1 |       ||     3
Armor: Ring mail         |       |     9 |     2 ||    11
Dodge: Dodged            |     4 |     8 |     4 ||    16
